 Dungeon Crawl Stone Soup version 0.32-a0-612-g1c984fe9d1 (webtiles) character file.

Game seed: 1773132193864300510

1680 CougarLife the Digger (level 9, 0/67 HPs)
             Began as a Gargoyle Earth Elementalist on Mar 4, 2024.
             Was an Initiate of Vehumet.
             Slain by a killer bee (4 damage)
             ... on level 7 of the Dungeon.
             The game lasted 00:06:22 (5098 turns).

CougarLife the Digger (Gargoyle Earth Elementalist) Turns: 5098, Time: 00:06:22

Health: 0/67       AC: 24    Str:  9 (12) XL:     9   Next: 2%
Magic:  7/26       EV:  2    Int: 24 (26) God:    Vehumet [......]
Gold:   332        SH:  0    Dex:  7 (10) Spells: 15/19 levels left

rFire   . . .        n - +2 dagger (venom)
rCold   . . .        (no shield)
rNeg    + . .        u - melded +0 acid dragon scales
rPois   ∞            w - melded +0 helmet
rElec   .            s - melded +0 cloak
rCorr   .            (gloves currently unavailable)
SInv    .            (boots currently unavailable)
Will    +....        i - amulet of magic regeneration
Stlth   ++           p - +6 ring of intelligence
HPRegen 0.31/turn    q - ring of magical power
MPRegen 0.60/turn

%: no passive effects
@: mighty, tree-form, enlightened, hasted, very quick
A: stationary, stasis, torment immunity, boosted hp, sickness immunity, AC +6,
negative energy resistance 1, (electricity resistance), torment resistance 1,
petrification resistance, (cold resistance 1), MP-powered wands
a: Renounce Religion


You were on level 7 of the Dungeon.
You worshipped Vehumet.
Vehumet was noncommittal.
You were a tree.
You visited 2 branches of the dungeon, and saw 8 of its levels.

You collected 332 gold pieces.

Inventory:

Hand Weapons
 n - a +2 dagger of venom (weapon)
Armour
 s - a +0 cloak (melded)
 u - +0 acid dragon scales (melded)
 w - a +0 helmet (melded)
Jewellery
 i - an amulet of magic regeneration (around neck)
 p - a +6 ring of intelligence (left branch)
 q - a ring of magical power (right branch)
 x - a ring of positive energy
Wands
 t - a wand of flame (19)
Scrolls
 c - a scroll of vulnerability {unknown}
 g - 4 scrolls of identify {unknown}
 k - 2 scrolls of poison {unknown}
 m - a scroll of acquirement {unknown}
 r - 2 scrolls of noise {unknown}
 v - a scroll of immolation {unknown}
Potions
 b - 2 potions of magic
 h - a potion of attraction {unknown}
 l - a potion of haste
 o - a potion of degeneration


   Skills:
 - Level 1.5 Dodging
 - Level 2.1 Stealth
 + Level 5.8 Spellcasting
 + Level 6.4 Conjurations
 + Level 3.2 Air Magic
 + Level 7.9 Earth Magic


You had 15 spell levels left.
You knew the following spells:

 Your Spells              Type           Power      Damage    Failure   Level
a - Sandblast             Erth           90%        2d19      1%          1
b - Stone Arrow           Conj/Erth      82%        3d12      1%          3

Your spell library contained the following spells:

 Spells                   Type           Power      Damage    Failure   Level
 Passwall                 Erth           45%        N/A       1%          3
 Brom's Barrelling Bould  Conj/Erth      41%        2d6       4%          4
 Swiftness                Air            22%        N/A       6%          3
 Ensorcelled Hibernation  Hex/Ice        12%        N/A       12%         2
 Petrify                  Alch/Erth      26%        N/A       16%         4
 Arcjolt                  Conj/Air       15%        1d25      30%         5
 Vhi's Electric Charge    Tloc/Air       28%        N/A       38%         4
 Maxwell's Capacitive Co  Air            11%        ∞         100%        8


Dungeon Overview and Level Annotations

Branches:
Dungeon (7/15)             Temple (1/1) D:5

Altars:
Ashenzari
Cheibriados
Dithmenos
Elyvilon
Fedhas
Gozag
Hepliaklqana
Kikubaaqudgha
Makhleb
Nemelex Xobeh
Okawaru
Ru
Sif Muna
Trog
Uskayaw
Vehumet
Wu Jian
Xom
Yredelemnul
Zin
The Shining One
Beogh

Shops:
D:6 [

Annotations:
D:6 3 runed translucent doors, ragingrage's ghost, novice FoDe


Innate Abilities, Weirdness & Mutations

You are a tree.
Your roots penetrate the ground, keeping you stationary.
You cannot be teleported.
You are immune to unholy pain and torment.
Your maximum health is greatly increased.
Your equipment is partially melded.
You are immune to sickness and miasma.
((Your stone body is resilient. (AC +6)))
You are immune to poison.
You resist negative energy. (rN+)
((You are resistant to electric shocks. (rElec)))
You are resistant to unholy torment.
You are immune to petrification.
((Your flesh is cold resistant. (rC+)))
You expend magic power (3 MP) to strengthen your wands.


Message History

The killer bee closely misses you.
The killer bee stings you but does no damage.
The killer bee misses you. The killer bee stings you.
* * * LOW HITPOINT WARNING * * *
The killer bee barely misses you. x2
It was a potion of degeneration.
There was something very wrong with that liquid.
You feel weakened.
You feel dopey.
You feel clumsy. The killer bee barely misses you.
The killer bee stings you but does no damage.
The killer bee closely misses you. x2
The killer bee stings you but does no damage. x2
You feel better.
The killer bee stings you but does no damage.
The killer bee barely misses you. The killer bee closely misses you.
The killer bee stings you but does no damage.
It was a potion of mutation.
You feel extremely strange.
You feel your magical essence link to the dungeon's wands.
You feel resistant to cold.
The killer bee stings you but does no damage. x4
It was a potion of might.
You feel very mighty all of a sudden. The killer bee stings you!
* * * LOW HITPOINT WARNING * * *
The killer bee stings you.
* * * LOW HITPOINT WARNING * * *
The killer bee barely misses you.
The killer bee stings you but does no damage. x3
The killer bee barely misses you.
The killer bee stings you but does no damage.
It was a potion of lignification.
You turn into a tree.
Your +0 cloak melds into your body.
Your +0 helmet melds into your body.
Your +0 acid dragon scales melds into your body.
Your roots penetrate the ground.
The killer bee stings you.
* * * LOW HITPOINT WARNING * * *
The killer bee stings you but does no damage. x3
It was a potion of enlightenment.
Your roots keep you in place.
The killer bee stings you but does no damage.
The killer bee completely misses you. The killer bee stings you.
You die...

...............###
.................#####
.....................#
..................####
.......<........###
.................#
.................## ..
...............#yy#####...
#.............##♣yy†........
####..........###yy.........
##.........###K)###......
.........##..).# ......
.........)# #......
...#####..##....... .
##..#....... #...)..K...
##..K......


You could see a kobold brigand and 6 killer bees.

Vanquished Creatures
  Maggie (D:7)
  Grinder (D:3)
  An acid dragon (D:5)
  Duvessa (D:5)
  A sky beast (D:6)
  A phantom (D:7)
  2 bullfrogs
  3 scorpions
  Dowan (D:5)
  A jelly (D:5)
  Crazy Yiuf (D:4)
  An orc priest (D:6)
  5 iguanas
  2 orc wizards
  8 adders
  A white imp (D:6)
  7 dart slugs
  11 orcs
  6 endoplasms
  8 giant cockroaches
  7 hobgoblins
  8 jackals
  12 kobolds
  7 quokkas
  7 ball pythons
  3 bats (D:1)
  2 frilled lizards (D:2)
  4 goblins
  A rat (D:2)
114 creatures vanquished.

Vanquished Creatures (others)
  An orc (D:7)
1 creature vanquished.

Grand Total: 115 creatures vanquished

Notes
Turn   | Place    | Note
-------+----------+-------------------------------------------
     0 | D:1      | CougarLife the Gargoyle Earth Elementalist began the quest
                  | for the Orb.
     0 | D:1      | Reached XP level 1. HP: 10/10 MP: 3/3
   163 | D:1      | Reached XP level 2. HP: 15/15 MP: 1/5
   489 | D:1      | Reached skill level 4 in Earth Magic
   617 | D:2      | Reached XP level 3. HP: 16/19 MP: 1/6
   956 | D:2      | Reached XP level 4. HP: 12/24 MP: 2/8
  1143 | D:2      | Found a faded altar of an unknown god.
  2049 | D:3      | Found a bloodstained altar of Trog.
  2054 | D:3      | Found a shimmering blue altar of Sif Muna.
  2100 | D:3      | Reached XP level 5. HP: 28/28 MP: 9/9
  2417 | D:3      | Noticed Grinder
  2418 | D:3      | Paralysed by Grinder for 4 turns
  2423 | D:3      | Paralysed by Grinder for 4 turns
  2430 | D:3      | Killed Grinder
  2431 | D:3      | Reached skill level 5 in Earth Magic
  2431 | D:3      | Reached XP level 6. HP: 30/32 MP: 8/11
  2435 | D:3      | Learned a level 3 spell: Stone Arrow
  3035 | D:4      | Reached skill level 6 in Earth Magic
  3035 | D:4      | Reached XP level 7. HP: 13/36 MP: 11/13
  3170 | D:4      | Found a runed translucent door.
  3171 | D:4      | Noticed Crazy Yiuf
  3232 | D:4      | Found a sparkling altar of Nemelex Xobeh.
  3233 | D:4      | Found a sacrificial altar of Ru.
  3235 | D:4      | Found a snail-covered altar of Cheibriados.
  3240 | D:4      | Found a basalt altar of Yredelemnul.
  3489 | D:4      | Killed Crazy Yiuf
  3567 | D:5      | Entered Level 5 of the Dungeon
  3573 | D:5      | Found an iron altar of Okawaru.
  3847 | D:5      | Found a staircase to the Ecumenical Temple.
  3860 | D:5      | Noticed Duvessa
  3860 | D:5      | Noticed Dowan
  3866 | Temple   | Entered the Ecumenical Temple
  3889 | Temple   | Became a worshipper of Vehumet
  3913 | D:5      | Killed Duvessa
  3914 | D:5      | Reached skill level 1 in Air Magic
  3916 | D:5      | Killed Dowan
  3917 | D:5      | Reached skill level 5 in Conjurations
  4094 | D:5      | Reached XP level 8. HP: 15/41 MP: 12/15
  4431 | D:6      | Reached skill level 5 in Spellcasting
  4431 | D:6      | Reached skill level 7 in Earth Magic
  4548 | D:6      | Found Guxkau's Armour Shop.
  4659 | D:6      | Found a runed translucent gate.
  4659 | D:6      | Found a runed translucent gate.
  4659 | D:6      | Found a runed translucent gate.
  4663 | D:6      | Noticed ragingrage's ghost (novice FoDe)
  4663 | D:6      | Identified the +0 chain mail of Omission {rElec rF+}
  4941 | D:6      | Found a roughly hewn altar of Beogh.
  5065 | D:7      | Noticed Maggie
  5087 | D:7      | Killed Maggie
  5088 | D:7      | Reached XP level 9. HP: 34/45 MP: 3/17
  5095 | D:7      | Gained mutation: You expend magic power (3 MP) to
                  | strengthen your wands. [potion of mutation]
  5095 | D:7      | Gained mutation: Your flesh is cold resistant. (rC+)
                  | [potion of mutation]
  5098 | D:7      | Slain by a killer bee

Illustrated notes

Levels and vault maps discovered:
D:1:      dpeg_arrival_windows_large_door, layout_rooms
D:2:      layout_basic, shapermc_ecumenical_altar_ellora,
          minmay_worlds_worst_comb
D:3:      layout_loops_corners, hellmonk_overflow_destroyed_library,
          serial_park_tiny_pond, nicolae_kite_square_tiling_tiny, uniq_grinder
D:4:      layout_basic, nicolae_overflow_macrodata_refinement,
          serial_bayou_pond_b, patterned_corridor, uniq_crazy_yiuf_cottage
D:5:      layout_cave_pools, okawaru_ov_weapons_minmay, temple_green,
          minivault_26, uniq_duvessa
D:6:      layout_basic, biasface_ghost_orc_armoury, serial_shops,
          nicolae_take_the_stairs
D:7:      layout_layer_cave, lemuel_crystal_altar, nicolae_shop_clearance,
          uniq_maggie
Temple:   nicolae_temple_superstar

Skill      XL: |  1  2  3  4  5  6  7  8 |
---------------+-------------------------+-----
Earth Magic    | 4 5 6 7 |  7.9
Conjurations   | 2 3 4 5 6 |  6.4
Spellcasting   | 3 4 5 |  5.8
Air Magic      | 1 3 |  3.2
Dodging        | |  1.5
Stealth        | |  2.1

Action                     |  1- 3 |  4- 6 |  7- 9 || total
---------------------------+-------+-------+-------++-------
  Melee: Unarmed           |    23 |       |       ||    23
         Dagger            |     6 |    28 |     1 ||    35
   Cast: Sandblast         |    45 |    70 |    52 ||   167
         Stone Arrow       |       |       |    30 ||    30
    Use: Potion            |       |       |     8 ||     8
 Armour: Robe              |    50 |    50 |    20 ||   120
         Acid dragon scale |       |       |    63 ||    63
         Skin              |       |       |     6 ||     6
  Dodge: Dodged            |    56 |    55 |    49 ||   160

Table legend: (Time is in decaauts)
 A = Elapsed time spent in this place.
 B = Non-inter-level travel time spent in this place.
 C = Inter-level travel time spent in this place.
 D = Time resting spent in this place.
 E = Time spent auto-exploring this place.
 F = Levels seen in this place.
 G = Mean time per level.
                   A        B        C        D        E       F      G
               +--------+--------+--------+--------+--------+-----+--------+
         Total |   5182 |   4988 |    194 |    351 |   3799 |   8 |  647.8 |
       Dungeon |   5139 |   4985 |    154 |    351 |   3799 |   7 |  734.1 |
        Temple |     42 |      2 |     40 |      0 |      0 |   1 |   42.0 |
               +--------+--------+--------+--------+--------+-----+--------+

Top non-repeatable levels by time:
     D:2: 1054 daAuts
     D:3: 953 daAuts
     D:4: 914 daAuts
     D:5: 747 daAuts
     D:1: 706 daAuts
     D:6: 695 daAuts
     D:7: 68 daAuts
  Temple: 42 daAuts
